 Dungeon Crawl Stone Soup version 0.26-a0-753-g4680b4fa2e (webtiles) character file.

Game seed: 12529114819295021630

3755 Gargoyl the Fighter (level 10, -10/89 HPs)
             Began as a Gnoll Abyssal Knight on Nov 7, 2020.
             Was an Elder of Lugonu.
             Mangled by a brown ugly thing (11 damage)
             ... on level 8 of the Dungeon.
             The game lasted 00:08:59 (6229 turns).

Gargoyl the Fighter (Gnoll Abyssal Knight)          Turns: 6229, Time: 00:09:00

Health: -10/89     AC:  0    Str: 19    XL:     10   Next: 15%
Magic:  17/17      EV: 16    Int: 14    God:    Lugonu [****..]
Gold:   533        SH:  4    Dex: 20    Spells: 19/19 levels left

rFire    . . .     SeeInvis .   c - +1 broad axe
rCold    . . .     Faith    .   (no shield)
rNeg     + . .     Spirit   .   q - +0 troll leather armour {Purgy}
rPois    .         Reflect  .   j - +2 hat
rElec    .         Harm     .   (no cloak)
rCorr    .         Rampage  .   e - +2 pair of gloves
MR       .....                  i - +1 pair of boots
Stlth    +++.......             (no amulet)
HPRegen  0.64/turn              h - +6 ring of dexterity
MPRegen  0.15/turn              l - ring of positive energy

@: corroded, lightly drained
A: distributed training, fangs 1, horns 1, large bone plates 1, mutation
resistance 1, robust 1, strong nose
a: Depart the Abyss, Bend Space, Banish, Corrupt, Renounce Religion


You were on level 8 of the Dungeon.
You worshipped Lugonu.
Lugonu was greatly pleased with you.
You visited 1 branch of the dungeon, and saw 9 of its levels.
You visited the Abyss 1 time.
You also visited: Sewer.

You collected 533 gold pieces.

Inventory:

Hand Weapons
 a - a +2 hand axe
 c - a +1 broad axe (weapon)
 v - a +2 demon whip of pain
Missiles
 k - 19 poisoned darts (quivered)
Armour
 e - a +2 pair of gloves (worn)
 i - a +1 pair of boots (worn)
 j - a +2 hat (worn)
 q - a +0 troll leather armour (worn) {Purgy}
Jewellery
 h - a +6 ring of dexterity (left hand)
 l - a ring of positive energy (right hand)
 t - an uncursed ring of resist corrosion
 w - an uncursed amulet of faith {unknown}
Wands
 r - a wand of random effects (20)
Scrolls
 b - 6 scrolls of remove curse
 d - 2 scrolls of blinking
 f - 4 scrolls of identify
 n - 2 scrolls of teleportation
 y - a scroll of magic mapping
Potions
 g - 5 potions of curing
 m - 4 potions of haste
 o - a potion of mutation
 p - a potion of invisibility
 s - 2 potions of cancellation
 u - a potion of heal wounds {unknown}
 x - 2 potions of magic {unknown}


   Skills:
 + Level 8.3 Fighting
 + Level 5.0 Short Blades
 + Level 5.0 Long Blades
 + Level 6.8 Axes
 + Level 5.0 Maces & Flails
 + Level 5.0 Polearms
 + Level 5.0 Staves
 + Level 5.0 Slings
 + Level 5.0 Bows
 + Level 5.0 Crossbows
 + Level 5.0 Throwing
 + Level 6.8 Armour
 + Level 5.7(5.6) Dodging
 + Level 5.0 Stealth
 + Level 5.0 Shields
 + Level 5.0 Unarmed Combat
 + Level 5.0 Spellcasting
 + Level 4.1 Conjurations
 + Level 4.1 Hexes
 + Level 4.1 Summonings
 + Level 4.1 Necromancy
 + Level 4.1 Translocations
 + Level 4.1 Transmutations
 + Level 4.1 Fire Magic
 + Level 4.1 Ice Magic
 + Level 4.1 Air Magic
 + Level 4.1 Earth Magic
 + Level 4.1 Poison Magic
 + Level 7.2 Invocations
 + Level 5.0 Evocations


You had 19 spell levels left.
You didn't know any spells.
Your spell library was empty.

Dungeon Overview and Level Annotations

Branches:
Dungeon (9/15)             Temple (0/1) D:7           Sewer (visited)
   Lair: D:8-11         Orc: D:9-12

Altars:
Cheibriados
Dithmenos
Hepliaklqana
Makhleb
Qazlal
Vehumet
Wu Jian
Yredelemnul
Zin
The Shining One

Shops:
D:7 [


Innate Abilities, Weirdness & Mutations

Your experience applies equally to all skills.
You have very sharp teeth.
Your uncanny sense of smell can sniff out nearby items.
You have a pair of small horns on your head.
You are partially covered in large bone plates. (SH +4)
You are somewhat resistant to further mutation.
You are robust. (+10% HP)


Message History

You are splashed with acid!
* * * LOW HITPOINT WARNING * * *
You slash the brown ugly thing! You bite the brown ugly thing.
The brown ugly thing is almost dead.
The brown ugly thing misses you.
You barely miss the brown ugly thing.
The brown ugly thing is almost dead.
The brown ugly thing engulfs you.
* * * LOW HITPOINT WARNING * * *
You are splashed with acid!
* * * LOW HITPOINT WARNING * * *
The brown ugly thing engulfs you.
* * * LOW HITPOINT WARNING * * *
The acid corrodes you!
You are splashed with acid!
* * * LOW HITPOINT WARNING * * *
You hit the brown ugly thing but do no damage.
You headbutt the brown ugly thing. Your bite misses the brown ugly thing.
The brown ugly thing is almost dead.
The brown ugly thing engulfs you!
You die...

#.......#
##########........
#.................
#####....≈............
#........≈......≈.....
#.........)..........#
#.....................
#....u................
#...#@................
#.....................
#............#######..
#.[...................
#.....................
#.....................
#.....................
####..................
#..................


You could see a brown ugly thing.

Vanquished Creatures
  A centaur warrior (D:8)
  A gargoyle (D:9)
  3 phantoms
  Purgy (Sewer)
  3 ice beasts (D:8)
  An ogre (D:4)
  2 necrophages (D:8)
  A centaur (D:5)
  A big kobold (D:7)
  2 bullfrogs
  A wyvern skeleton (D:7)
  5 killer bees
  9 wights
  A howler monkey (D:7)
  3 jellies
  A bullfrog zombie (D:8)
  2 orc priests
  A centaur skeleton (D:7)
  A hound (D:8)
  A gnoll shaman (D:8)
  3 iron imps (D:6)
  3 iguanas
  7 orc wizards
  A worker ant (D:7)
  A hound skeleton (D:8)
  7 gnolls
  5 adders
  3 shadow imps
  A white imp (D:8)
  An adder zombie (D:8)
  2 worms (D:2)
  A dart slug (D:3)
  4 leopard geckos
  9 orcs
  A ball python (D:7)
  6 giant cockroaches
  6 goblins
  5 hobgoblins
  2 jackals (D:4)
  18 kobolds
  5 quokkas
  7 bats
  3 frilled lizards
  10 rats
152 creatures vanquished.

Notes
Turn   | Place    | Note
-------+----------+-------------------------------------------
     0 | Abyss:1  | Gargoyl the Gnoll Abyssal Knight began the quest for the
                  | Orb.
     0 | Abyss:1  | Reached XP level 1. HP: 23/23 MP: 3/3
    35 | Abyss:2  | Noticed an insubstantial wisp
    38 | Abyss:2  | Noticed a ynoxinul
    40 | D:1      | Escaped the Abyss
    77 | D:1      | Reached * piety under Lugonu
   232 | D:1      | Reached XP level 2. HP: 29/29 MP: 5/5
   886 | D:2      | Reached XP level 3. HP: 35/35 MP: 6/6
  1138 | D:2      | Found an ornate altar of the Wu Jian Council.
  1590 | D:3      | Reached skill level 1 in Short Blades
  1590 | D:3      | Reached skill level 1 in Long Blades
  1590 | D:3      | Reached skill level 1 in Maces & Flails
  1590 | D:3      | Reached skill level 1 in Polearms
  1590 | D:3      | Reached skill level 1 in Staves
  1590 | D:3      | Reached skill level 1 in Slings
  1590 | D:3      | Reached skill level 1 in Bows
  1590 | D:3      | Reached skill level 1 in Crossbows
  1590 | D:3      | Reached skill level 1 in Throwing
  1590 | D:3      | Reached skill level 1 in Stealth
  1590 | D:3      | Reached skill level 1 in Shields
  1590 | D:3      | Reached skill level 1 in Unarmed Combat
  1590 | D:3      | Reached skill level 1 in Spellcasting
  1590 | D:3      | Reached skill level 1 in Evocations
  1591 | D:3      | Reached XP level 4. HP: 41/41 MP: 7/7
  1823 | D:3      | Found a faded altar of an unknown god.
  1838 | D:3      | Reached skill level 1 in Conjurations
  1838 | D:3      | Reached skill level 1 in Hexes
  1838 | D:3      | Reached skill level 1 in Summonings
  1838 | D:3      | Reached skill level 1 in Necromancy
  1838 | D:3      | Reached skill level 1 in Translocations
  1838 | D:3      | Reached skill level 1 in Transmutations
  1838 | D:3      | Reached skill level 1 in Fire Magic
  1838 | D:3      | Reached skill level 1 in Ice Magic
  1838 | D:3      | Reached skill level 1 in Air Magic
  1838 | D:3      | Reached skill level 1 in Earth Magic
  1838 | D:3      | Reached skill level 1 in Poison Magic
  1848 | D:3      | Reached ** piety under Lugonu
  2420 | D:3      | Found a hazy altar of Hepliaklqana.
  2511 | D:4      | Reached XP level 5. HP: 39/47 MP: 8/8
  2678 | D:4      | Found a glowing drain.
  2690 | Sewer    | Entered a sewer
  2774 | Sewer    | Noticed Purgy
  2779 | Sewer    | Killed Purgy
  2779 | Sewer    | Reached skill level 5 in Invocations
  2779 | Sewer    | Reached XP level 6. HP: 47/53 MP: 9/9
  3108 | D:4      | Reached skill level 5 in Axes
  3108 | D:4      | Reached skill level 5 in Armour
  3575 | D:4      | Found a snail-covered altar of Cheibriados.
  3884 | D:5      | Entered Level 5 of the Dungeon
  4055 | D:5      | Reached skill level 7 in Fighting
  4055 | D:5      | Reached XP level 7. HP: 31/60 MP: 10/10
  4155 | D:5      | Found a glowing silver altar of Zin.
  4199 | D:5      | Found a radiant altar of Vehumet.
  4407 | D:6      | Found a stormy altar of Qazlal.
  4407 | D:6      | Noticed a fire elemental
  4411 | D:6      | Noticed an air elemental
  4414 | D:6      | Noticed a water elemental
  4424 | D:6      | Gained mutation: You are robust. (+10% HP) [potion of
                  | mutation]
  4424 | D:6      | Gained mutation: You are partially covered in large bone
                  | plates. (SH +4) [potion of mutation]
  4424 | D:6      | Gained mutation: You have a pair of small horns on your
                  | head. [potion of mutation]
  4424 | D:6      | Gained mutation: You are somewhat resistant to further
                  | mutation. [potion of mutation]
  4638 | D:6      | Found a burning altar of Makhleb.
  4853 | D:7      | Reached XP level 8. HP: 54/73 MP: 12/12
  4886 | D:7      | Found a staircase to the Ecumenical Temple.
  4887 | D:7      | Reached *** piety under Lugonu
  4912 | D:7      | Found Mukhliamu's Armour Emporium.
  4961 | D:7      | Found a glowing golden altar of the Shining One.
  5499 | D:8      | Noticed a centaur warrior
  5510 | D:8      | Killed a centaur warrior
  5510 | D:8      | Reached skill level 5 in Dodging
  5510 | D:8      | Reached XP level 9. HP: 69/81 MP: 13/15
  5671 | D:8      | Found a shadowy altar of Dithmenos.
  5710 | D:8      | Reached skill level 8 in Fighting
  5785 | D:8      | Found a basalt altar of Yredelemnul.
  5808 | D:8      | Reached **** piety under Lugonu
  5860 | D:8      | HP: 4/81 [electric eel/bolt of electricity (9)]
  6134 | D:9      | Noticed a gargoyle
  6137 | D:9      | Reached XP level 10. HP: 87/88 MP: 17/17
  6167 | D:9      | Killed a gargoyle
  6168 | D:9      | Reached skill level 5 in Short Blades
  6168 | D:9      | Reached skill level 5 in Long Blades
  6168 | D:9      | Reached skill level 5 in Maces & Flails
  6168 | D:9      | Reached skill level 5 in Polearms
  6168 | D:9      | Reached skill level 5 in Staves
  6168 | D:9      | Reached skill level 5 in Slings
  6168 | D:9      | Reached skill level 5 in Bows
  6168 | D:9      | Reached skill level 5 in Crossbows
  6168 | D:9      | Reached skill level 5 in Throwing
  6168 | D:9      | Reached skill level 5 in Stealth
  6168 | D:9      | Reached skill level 5 in Shields
  6168 | D:9      | Reached skill level 5 in Unarmed Combat
  6168 | D:9      | Reached skill level 5 in Spellcasting
  6168 | D:9      | Reached skill level 5 in Evocations
  6203 | D:9      | Noticed a brown ugly thing
  6203 | D:9      | Noticed a skeletal warrior
  6204 | D:9      | Noticed a gargoyle
  6228 | D:8      | HP: 1/89 [acid (10)]
  6229 | D:8      | Mangled by a brown ugly thing

Illustrated notes

Levels and vault maps discovered:
D:1:      minmay_arrival_four_houses, layout_basic, minmay_statues_item
D:2:      layout_rooms, lemuel_crystal_altar
D:3:      layout_loops_ring, lemuel_coloured_pillars_altar,
          chequers_ecumenical_altar_island, minmay_tree_intersection,
          chequers_serial_rivers_micro_b
D:4:      layout_layer_cave, marbit_many_paths, portal_sewer_entry_d
D:5:      layout_rooms, lemuel_doored_altar, vehumet_crystals,
          kennysheep_cross_bottleneck
D:6:      layout_basic, demons_altar, nicolae_qazlal_style_of_elements
D:7:      layout_rooms, kennysheep_mini_moat, minmay_temple_entry_arrows,
          serial_shops, shop
D:8:      layout_basic, kennysheep_little_box, basic_altar, minmay_three_doors
D:9:      minmay_the_grid_octo_2x2 [minmay_the_grid_octo_thin_diamonds,
          minmay_the_grid_octo_concentric, minmay_the_grid_octo_clover_2,
          minmay_the_grid_octo_prize_big_c], layout_irregular_city,
          nicolae_overflow_hidden_temple, uniq_joseph

Skill      XL: |  1  2  3  4  5  6  7  8  9 10 |
---------------+-------------------------------+-----
Short Blades   | 1 2 4 5 |  5.0
Long Blades    | 1 2 4 5 |  5.0
Maces & Flails | 1 2 4 5 |  5.0
Polearms       | 1 2 4 5 |  5.0
Staves         | 1 2 4 5 |  5.0
Slings         | 1 2 4 5 |  5.0
Bows           | 1 2 4 5 |  5.0
Crossbows      | 1 2 4 5 |  5.0
Throwing       | 1 2 4 5 |  5.0
Stealth        | 1 2 4 5 |  5.0
Shields        | 1 2 4 5 |  5.0
Unarmed Combat | 1 2 4 5 |  5.0
Spellcasting   | 1 2 4 5 |  5.0
Evocations     | 1 2 4 5 |  5.0
Conjurations   | 1 2 3 4 |  4.1
Hexes          | 1 2 3 4 |  4.1
Summonings     | 1 2 3 4 |  4.1
Necromancy     | 1 2 3 4 |  4.1
Translocations | 1 2 3 4 |  4.1
Transmutations | 1 2 3 4 |  4.1
Fire Magic     | 1 2 3 4 |  4.1
Ice Magic      | 1 2 3 4 |  4.1
Air Magic      | 1 2 3 4 |  4.1
Earth Magic    | 1 2 3 4 |  4.1
Poison Magic   | 1 2 3 4 |  4.1
Dodging        | 3 5 |  5.7
Invocations    | 5 6 7 |  7.2
Axes           | 5 6 |  6.8
Armour         | 5 6 |  6.8
Fighting       | 7 8 |  8.3

Action                   |  1- 3 |  4- 6 |  7- 9 | 10-12 || total
-------------------------+-------+-------+-------+-------++-------
Melee: Broad axe         |    83 |   119 |   198 |    31 ||   431
       Bite              |     5 |    15 |    29 |     6 ||    55
       Headbutt          |       |       |    51 |    12 ||    63
       Punch             |       |       |     5 |       ||     5
Throw: Dart              |       |    11 |       |       ||    11
Invok: Depart the Abyss  |     1 |       |       |       ||     1
       Banish            |       |       |     1 |       ||     1
  Use: Scroll            |     3 |     9 |     8 |       ||    20
       Potion            |       |       |     1 |       ||     1
 Stab: Sleeping          |       |     2 |     7 |       ||     9
Armor: Ring mail         |    38 |    30 |       |       ||    68
       Troll leather arm |       |    35 |   115 |    10 ||   160
Dodge: Dodged            |    55 |    90 |   182 |    33 ||   360
Block: Other             |       |       |    48 |    10 ||    58

Table legend: (Time is in decaauts)
 A = Elapsed time spent in this place.
 B = Non-inter-level travel time spent in this place.
 C = Inter-level travel time spent in this place.
 D = Time resting spent in this place.
 E = Time spent auto-exploring this place.
 F = Levels seen in this place.
 G = Mean time per level.
                   A        B        C        D        E       F      G
               +--------+--------+--------+--------+--------+-----+--------+
         Total |   6432 |   6310 |    122 |    283 |   4498 |  12 |  536.0 |
       Dungeon |   6198 |   6076 |    122 |    283 |   4374 |   9 |  688.7 |
         Abyss |     39 |     39 |      0 |      0 |      4 |   2 |   19.5 |
         Sewer |    195 |    195 |      0 |      0 |    120 |   1 |  195.0 |
               +--------+--------+--------+--------+--------+-----+--------+

Top non-repeatable levels by time:
     D:4: 1228 daAuts
     D:3: 939 daAuts
     D:8: 924 daAuts
     D:1: 858 daAuts
     D:2: 719 daAuts
     D:7: 562 daAuts
     D:5: 452 daAuts
     D:6: 424 daAuts
   Sewer: 195 daAuts
     D:9: 88 daAuts
 Abyss:2: 31 daAuts
 Abyss:1: 8 daAuts
